 Dungeon Crawl Stone Soup version 0.30-a0-618-gd6c86c23d0 (webtiles) character file.

Game seed: 15358523747130787608

81 Leeroy the Insei (level 4, -6/28 HPs)
             Began as an Octopode Transmuter on Jan 9, 2023.
             Mangled by an iguana (10 damage)
             ... on level 2 of the Dungeon.
             The game lasted 00:02:38 (2071 turns).

Leeroy the Insei (Octopode Transmuter)              Turns: 2071, Time: 00:02:39

Health: -6/28      AC:  1    Str: 11    XL:     4   Next: 40%
Magic:  7/7        EV: 13    Int: 15    God:
Gold:   146        SH:  0    Dex: 12    Spells: 3/7 levels left

rFire   + . .      SeeInvis .      - Unarmed
rCold   x . .      Faith    .    (no shield)
rNeg    . . .      Spirit   .    (helmet restricted)
rPois   .          Reflect  .    (no amulet)
rElec   .          Harm     .    i - ring of fire
rCorr   .          Rampage  .    (no ring)
Will    .....                    (no ring)
Stlth   ++                       (no ring)
HPRegen 0.24/turn                (no ring)
MPRegen 0.10/turn                (no ring)
                                 (no ring)
                                 (no ring)

@: no status effects
A: almost no armour, amphibious, 8 rings, camouflage 1, gelatinous body 1,
(nimble swimmer 1), tentacles
a: no special abilities


You were on level 2 of the Dungeon.
You visited 1 branch of the dungeon, and saw 3 of its levels.

You collected 146 gold pieces.

Inventory:

Jewellery
 i - a ring of fire (left tentacle)
 m - a ring of resist corrosion
Wands
 h - a wand of polymorph (3)
Scrolls
 c - 2 scrolls of identify {unknown}
 d - a scroll of magic mapping {unknown}
 f - a scroll of blinking {unknown}
 g - a scroll of poison {unknown}
 j - a scroll of vulnerability {unknown}
 l - a scroll of noise {unknown}
 n - a scroll of teleportation {unknown}
Potions
 a - 2 potions of lignification
 b - 3 potions of curing
 e - a potion of haste {unknown}
 k - a potion of flight {unknown}


   Skills:
 - Level 1.0 Fighting
 - Level 2.0 Dodging
 + Level 4.8 Unarmed Combat
 - Level 2.0 Spellcasting
 - Level 2.0 Transmutations
 * Level 1.4 Poison Magic


You had 3 spell levels left.
You knew the following spells:

 Your Spells              Type           Power      Damage    Failure   Level
a - Beastly Appendage     Tmut           14%        N/A       10%         1
b - Spider Form           Tmut/Pois      6%         N/A       32%         3

Your spell library contained the following spells:

 Spells                   Type           Power      Damage    Failure   Level
 Wereblood                Tmut           7%         N/A       14%         2
 Magic Dart               Conj           4%         1d3       22%         1
 Call Imp                 Summ           1%         N/A       32%         2
 Mephitic Cloud           Conj/Pois/Air  2%         N/A       50%         3
 Ice Form                 Ice/Tmut       4%         N/A       82%         4


Dungeon Overview and Level Annotations

Branches:
Dungeon (3/15)

Altars:

Annotations:
D:3 Ijyb


Innate Abilities, Weirdness & Mutations

You cannot wear most types of armour.
You are amphibious.
You can wear up to eight rings at the same time.
Your skin changes colour to match your surroundings (Stealth+).
Your rubbery body absorbs attacks. (AC +1, EV +1)
((You are camouflaged when in or above water. (Stealth+)))
You have tentacles for arms and can constrict up to eight enemies at once.


Message History

Okay, then.
You feel sick.
You are no longer poisoned.
There is a stone staircase leading up here.
The iguana misses you.
You climb upwards.
There is a stone staircase leading down here.
Casting: Spider Form (extremely dangerous; 32% risk of failure)
Confirm with . or Enter, or press ? or * to list all spells.
Okay, then.
You feel better. The iguana bites you.
You closely miss the iguana. Your grab misses the iguana.
Your squeeze misses the iguana.
The iguana is lightly wounded.
The iguana closely misses you.
You tentacle-slap the iguana. Your grab misses the iguana.
The iguana is heavily wounded.
The iguana closely misses you.
You closely miss the iguana. Your grab misses the iguana.
The iguana is heavily wounded.
You closely miss the iguana. Your grab misses the iguana.
The iguana is heavily wounded.
The iguana bites you!
* * * LOW HITPOINT WARNING * * *
You tentacle-slap the iguana but do no damage.
You grab the iguana. You squeeze the iguana.
The iguana is severely wounded.
You constrict the iguana, but do no damage.
The iguana closely misses you.
You tentacle-slap the iguana but do no damage.
You squeeze the iguana, but do no damage.
The iguana is severely wounded.
You constrict the iguana, but do no damage.
The iguana bites you.
* * * LOW HITPOINT WARNING * * *
You tentacle-slap the iguana.
The iguana is almost dead.
You constrict the iguana, but do no damage.
The iguana bites you!
You die...

##...## #.# #.# #.# ####.# #.#
#.# #.# #.# #.# #.######## #.####
#.# #..#_^.... #....#
#.################ ####.#
##...........##.# #.#
#..######.......# # #.# #.l#
##......#.# # #.# #.@#
#.........# # #.# #..#
##......### # ### #.#
###..#####.....## # ..#
##.#####..............# #
<.####...........#.##..#.#.# ####
........#####.##.#.##..#.#.###...
........# #.##.#.##..#.####....
######..#####.##.#.##..#.#..#....
#........##.#.##..#.'..'.)..


You could see an iguana.

Vanquished Creatures
  Terence (D:2)
  2 adders
  A worm (D:2)
  2 dart slugs (D:2)
  2 endoplasms (D:2)
  A giant cockroach (D:1)
  4 goblins (D:1)
  2 hobgoblins (D:2)
  5 kobolds
  A quokka (D:1)
  2 ball pythons (D:2)
  3 bats (D:2)
  2 frilled lizards
  2 rats
30 creatures vanquished.

Notes
Turn   | Place    | Note
-------+----------+-------------------------------------------
     0 | D:1      | Leeroy the Octopode Transmuter began the quest for the Orb.
     0 | D:1      | Reached XP level 1. HP: 13/13 MP: 3/3
   272 | D:1      | Reached XP level 2. HP: 18/18 MP: 5/5
   872 | D:2      | Reached skill level 4 in Unarmed Combat
   877 | D:2      | Reached XP level 3. HP: 8/23 MP: 6/6
   999 | D:2      | Learned a level 3 spell: Spider Form
  1164 | D:2      | Noticed Terence
  1507 | D:2      | Killed Terence
  1508 | D:2      | Reached skill level 1 in Poison Magic
  1508 | D:2      | Reached XP level 4. HP: 16/28 MP: 4/7
  1684 | D:2      | Found a faded altar of an unknown god.
  2035 | D:3      | Noticed Ijyb
  2071 | D:2      | Mangled by an iguana

Illustrated notes

Levels and vault maps discovered:
D:1:      saegor_arrival_simple_a, layout_loops_ring, nrook_campfire
D:2:      layout_loops_ring, hellmonk_ecumenical_altar_leap_of_faith,
          minmay_goblin_kobold_house, uniq_terence, uniq_crazy_yiuf_cottage
D:3:      corexii_shack_village, layout_basic, serial_shops,
          nicolae_lakefront_shop, uniq_ijyb

Skill      XL: |  1  2  3 |
---------------+----------+-----
Unarmed Combat | 4 |  4.8
Poison Magic   | 1 |  1.4
Fighting       | |  1.0
Dodging        | |  2.0
Spellcasting   | |  2.0
Transmutations | |  2.0

Action                   |  1- 3 |  4- 6 || total
-------------------------+-------+-------++-------
Melee: Unarmed           |    73 |    32 ||   105
       Tentacles         |    10 |     6 ||    16
       Constrict         |     8 |     7 ||    15
       Kick              |     2 |       ||     2
       Punch             |     2 |     1 ||     3
 Cast: Beastly Appendage |     1 |       ||     1
       Spider Form       |     1 |       ||     1
  Use: Potion            |       |     1 ||     1
 Stab: Sleeping          |     5 |     2 ||     7
Armor: Skin              |     2 |       ||     2
Dodge: Dodged            |    45 |    12 ||    57

Table legend: (Time is in decaauts)
 A = Elapsed time spent in this place.
 B = Non-inter-level travel time spent in this place.
 C = Inter-level travel time spent in this place.
 D = Time resting spent in this place.
 E = Time spent auto-exploring this place.
 F = Levels seen in this place.
 G = Mean time per level.
                   A        B        C        D        E       F      G
               +--------+--------+--------+--------+--------+-----+--------+
         Total |   2057 |   1992 |     65 |    292 |   1417 |   3 |  685.7 |
       Dungeon |   2057 |   1992 |     65 |    292 |   1417 |   3 |  685.7 |
               +--------+--------+--------+--------+--------+-----+--------+

Top non-repeatable levels by time:
     D:1: 1113 daAuts
     D:2: 931 daAuts
     D:3: 12 daAuts
